 Dungeon Crawl Stone Soup version 0.29.1-12-g30fa7ad0bf (webtiles) character file.

Game seed: 2605002796237627115

101007 Pepete the Executioner (level 16, -16/8 (132) HPs)
             Began as a Formicid Fighter on Dec 24, 2022.
             Was an Initiate of Gozag.
             Killed from afar by an oklob plant (24 damage)
             ... with a splash of acid
             ... on level 5 of the Lair of Beasts.
             The game lasted 00:35:17 (29715 turns).

Pepete the Executioner (Formicid Fighter)          Turns: 29715, Time: 00:35:17

HP:   -16/8 (132)   AC: 41    Str: 39    XL:     16   Next: 81%
MP:   25/25         EV:  8    Int: 13    God:    Gozag
Gold: 3488          SH:  9    Dex: 17    Spells: 15/15 levels left

rFire   . . .      SeeInvis +   d - +9 executioner's axe "Qaroaceb" {flame, rPois Int+3 Dex+4}
rCold   + . .      Faith    .   c - +2 buckler
rNeg    . . .      Spirit   .   t - +13 crystal plate armour "Coenkere" {*Corrode rC+ MP+9 Slay+4}
rPois   +          Reflect  .   (helmet unavailable)
rElec   .          Harm     .   M - +1 cloak
rCorr   .          Rampage  .   p - +2 pair of gloves
Will    +....                   (no boots)
Stlth   ..........              f - amulet of magic regeneration
HPRegen 0.82/turn               m - +6 ring of strength
MPRegen 0.59/turn               q - +6 ring of strength

@: extremely drained
A: permanent stasis, dig shafts and tunnels, antennae 3, four strong arms,
regeneration 1
a: Dig, Shaft Self, Renounce Religion, Potion Petition, Call Merchant, Bribe
Branch


You were on level 5 of the Lair of Beasts.
You worshipped Gozag.
Gozag was most pleased with you.
You visited 2 branches of the dungeon, and saw 20 of its levels.
You visited 1 bazaar.

You collected 6477 gold pieces.
You spent 1194 gold pieces at shops.
You paid 1795 gold pieces to Gozag.

Inventory:

Hand Weapons
 d - the +9 executioner's axe "Qaroaceb" (weapon) {flame, rPois Int+3 Dex+4}
   (You acquired it on level 4 of the Dungeon)

   It burns those it strikes, dealing additional fire damage.
   Big, fiery blades are also staple armaments of hydra-hunters.
   Int:       It affects your intelligence (+3).
   Dex:       It affects your dexterity (+4).
   rPois:     It protects you from poison.
Armour
 c - a +2 buckler (worn)
 p - a +2 pair of gloves (worn)
 t - the +13 crystal plate armour "Coenkere" (worn) {*Corrode rC+ MP+9 Slay+4}
   (You acquired it on level 4 of the Dungeon)

   Slay:      It affects your accuracy & damage with ranged weapons and melee
   (+4).
   rC:        It protects you from cold.
   MP:        It affects your magic capacity (+9).
   *Corrode:  It may corrode you when you take damage.
 M - a +1 cloak (worn)
Jewellery
 f - an amulet of magic regeneration (around neck)
 l - the ring "Zefeck" {Contam +Blink rF+++ rC+ Dex+2}
   (You found it on level 2 of the Lair of Beasts)

   [ring of protection from cold]

   Dex:       It affects your dexterity (+2).
   rF:        It renders you almost immune to fire.
   rC:        It protects you from cold.
   +Blink:    It lets you blink.
   Contam:    It causes magical contamination when unequipped.
 m - a +6 ring of strength (left hand)
 n - a ring of resist corrosion
 q - a +6 ring of strength (right hand)
 G - a ring of willpower
 I - the amulet "Mehucoz Enko" {Reflect Harm Fly Str-4 SH+5}
   (You found it on level 5 of the Lair of Beasts)

   [amulet of reflection]

   It reflects blocked missile attacks.
   Str:       It affects your strength (-4).
   Fly:       It grants you flight.
   SH:        It affects your SH (+5).
   Harm:      It increases damage dealt and taken.
Wands
 r - a wand of charming (13)
 w - a wand of polymorph (20)
 y - a wand of roots (13)
 B - a wand of flame (33)
 J - a wand of digging (8)
 L - a wand of light (5)
Scrolls
 g - 5 scrolls of enchant armour
 i - 14 scrolls of identify
 j - a scroll of brand weapon
 k - 8 scrolls of enchant weapon
 x - 3 scrolls of amnesia
 z - 3 scrolls of magic mapping
 A - 2 scrolls of fear
 D - 3 scrolls of butterflies
 F - 2 scrolls of summoning
 H - a scroll of poison
Potions
 a - a potion of heal wounds
 b - 2 potions of resistance
 e - 9 potions of curing
 h - 2 potions of magic
 o - 4 potions of flight
 s - a potion of invisibility
 u - 9 potions of ambrosia
 v - 2 potions of mutation
 C - 2 potions of brilliance
 E - a potion of cancellation {unknown}


   Skills:
 + Level 13.8 Fighting
 + Level 21.1 Axes
 + Level 13.2 Armour
 + Level 1.5 Dodging
 + Level 3.5 Stealth
 + Level 12.1 Shields
 + Level 0.3 Evocations


You had 15 spell levels left.
You didn't know any spells.
Your spell library contained the following spells:

 Spells                   Type           Power      Damage    Failure   Level
 Apportation              Tloc           0%         N/A       98%         1
 Ensorcelled Hibernation  Hex/Ice        0%         N/A       99%         2
 Passwall                 Tmut/Erth      0%         N/A       99%         2
 Static Discharge         Conj/Air       0%         3-3/arc   99%         2
 Gell's Gravitas          Tloc           0%         N/A       100%        3
 Ignite Poison            Fire/Tmut/Pois 0%         N/A       100%        3
 Inner Flame              Hex/Fire       0%         N/A       100%        3
 Portal Projectile        Hex/Tloc       0%         N/A       100%        3
 Spider Form              Tmut/Pois      0%         N/A       100%        3
 Stone Arrow              Conj/Erth      0%         3d7       100%        3
 Tukima's Dance           Hex            0%         N/A       100%        3
 Anguish                  Hex/Necr       0%         N/A       100%        4
 Animate Armour           Summ/Erth      0%         N/A       100%        4
 Cause Fear               Hex            0%         N/A       100%        4
 Alistair's Intoxication  Tmut/Pois      0%         N/A       100%        5
 Blade Hands              Tmut           0%         N/A       100%        5
 Borgnjor's Vile Clutch   Necr/Erth      0%         N/A       100%        5
 Irradiate                Conj/Tmut      0%         3d11      100%        5
 Lightning Bolt           Conj/Air       0%         1d11      100%        5
 Manifold Assault         Tloc           0%         N/A       100%        5
 Death Channel            Necr           0%         N/A       100%        6
 Eringya's Noxious Bog    Tmut/Pois      0%         N/A       100%        6
 Dragon Form              Tmut           0%         N/A       100%        7
 Storm Form               Tmut/Air       0%         N/A       100%        7
 Discord                  Hex            0%         N/A       100%        8
 Lehudib's Crystal Spear  Conj/Erth      0%         10d2      100%        8
 Maxwell's Capacitive Co  Air            0%         ∞         100%        8
 Blink                    Tloc           Unusable   N/A       N/A         2
 Swiftness                Air            Unusable   N/A       N/A         3
 Animate Dead             Necr           Unusable   N/A       N/A         4

Dungeon Overview and Level Annotations

Branches:
Dungeon (15/15) Temple (0/1) D:4 Lair (5/5) D:8 Swamp (0/4) Lair:2 Spider (0/4) Lair:2 Slime (0/5) Lair:5 Orc (0/2) D:11 Vaults (0/5) D:14 Depths (0/4) D:15 You are so drained that the power of Zot will kill you!

Altars:
Dithmenos
Elyvilon
Gozag
Kikubaaqudgha
Makhleb
Ru
Sif Muna
Trog
Vehumet
Wu Jian
Xom
Yredelemnul
Zin
The Shining One

Shops:
D:6 !   D:8 *   D:12 ([:=   D:13 (

Annotations:
D:11 1 runed translucent door
D:14 Roxanne
Lair:5 exclusion: 4 oklob plants


Innate Abilities, Weirdness & Mutations

You cannot be hasted, slowed, berserked, paralysed or teleported.
You can dig through walls and to a lower floor.
You have a pair of large antennae on your head. (SInv)
Your four strong arms can wield two-handed weapons with a shield.
Your natural rate of healing is unusually fast.


Message History

You dig through the rock wall.
You feel drained.
You dig through the rock wall.
You feel drained.
You dig through the rock wall.
You feel drained.
You dig through the rock wall.
You feel drained.
You dig through the rock wall.
You feel drained.
You dig through the rock wall.
You feel drained.
You dig through the rock wall.
You feel drained.
You dig through the rock wall.
You feel drained.
You dig through the rock wall.
You feel drained.
You dig through the rock wall.
You feel drained.
You dig through the rock wall.
You feel drained.
You dig through the rock wall.
You feel drained.
You retract your mandibles.
Really walk into a travel-excluded area? [Y]es or [N]o only, please.
Really walk into a travel-excluded area?
Okay, then.
You extend your mandibles.
You dig through the rock wall.
You feel drained.
You retract your mandibles.
You slice the plant!!
The plant begins to die.
You burn the plant!
The plant is moderately damaged.
You slash the fungus!
The fungus begins to die.
You burn the fungus. You slice the fungus!!
The fungus begins to die.
You burn the fungus!
A nearby fungus withers and dies.
A nearby plant withers and dies.
A nearby fungus withers and dies.
You extend your mandibles.
Really walk into a travel-excluded area? [Y]es or [N]o only, please.
Really walk into a travel-excluded area? [Y]es or [N]o only, please.
Really walk into a travel-excluded area?
You dig through the rock wall.
You feel drained.
Found a staircase to the Slime Pits.
You retract your mandibles.
The oklob plant spits acid at you. The splash of acid hits you!!
Ouch! That really hurt!
You die...
Your body crumbles into a pile of gold.

############ ######..........#
###....@.#####..#.##
#...###.##P.#####..#
####.###.##....#. ##.#
######....#.... ......####.#
##.#P.#.#.##.... ....P...#..#####
................ .P..............
#....##......... >............###
#...##..##......PPP....##.....# #
#..##.....#............##....####


You could see 3 oklob plants.

Vanquished Creatures
  Jorgrun (D:14)
  Gastronok (Lair:1)
  Kirke (D:14)
  A dire elephant (Lair:5)
  A fire dragon (D:15)
  Josephine (Lair:4)
  7 boulder beetles
  An ice dragon (D:15)
  3 catoblepae
  4 hydras
  Fannar (D:12)
  An ogre mage (D:15)
  2 anacondas (Lair:5)
  12 centaur warriors
  2 dancing weapons (D:14)
  12 two-headed ogres
  A deep troll shaman (Lair:5)
  5 death yaks (Lair:5)
  A tengu warrior (D:14)
  2 fire crabs (Lair:5)
  2 orc knights
  A lindwurm (Lair:5)
  An orc sorcerer (D:14)
  A cyclops (shapeshifter) (D:11)
  2 deep elf pyromancers
  7 cyclopes
  15 ugly things
  7 manticores
  16 elephants
  Maurice (D:12)
  Maggie (D:6)
  5 black mambas
  A gargoyle (D:11)
  18 cane toads
  3 rime drakes
  Psyche (D:10)
  4 unseen horrors
  An efreet (D:13)
  13 komodo dragons
  A polar bear (Lair:5)
  4 tengu conjurers
  3 hornets
  4 meliai
  6 trolls
  A queen bee (Lair:4)
  10 slime creatures
  10 blink frogs
  7 dream sheep (Lair:5)
  2 shadows
  A culicivora (shapeshifter) (D:13)
  33 yaks
  4 water elementals (D:14)
  9 wraiths
  3 wyverns
  A fire elemental (Lair:4)
  A hog (D:14)
  3 fire bats (Lair:4)
  A steam dragon (D:8)
  6 basilisks
  11 vampire mosquitoes
  A swamp worm (shapeshifter) (D:14)
  2 wargs (D:14)
  7 water moccasins
  An ice beast (D:7)
  10 orc warriors
  9 black bears
  10 ogres
  A sky beast (D:5)
  15 wolves
  14 centaurs
  6 bullfrogs
  A phantom (D:6)
  4 kobold brigands
  6 gnoll sergeants
  A scorpion (D:6)
  7 wights
  44 killer bees
  7 howler monkeys
  7 electric eels
  A lava snake (D:11)
  2 hounds
  2 orc priests
  3 iguanas
  3 gnoll boudas
  14 orc wizards
  6 hell rats (Lair:2)
  5 adders
  30 gnolls
  2 white imps (D:5)
  2 ufetubi
  2 worms (D:2)
  4 dart slugs
  44 orcs
  8 ball pythons
  5 bats
  4 endoplasms (D:1)
  2 giant cockroaches
  7 goblins
  10 hobgoblins
  11 jackals
  4 quokkas
  A frilled lizard (D:1)
  18 kobolds
  6 rats
  A bush (Lair:5)
631 creatures vanquished.

Vanquished Creatures (others)
  15 fungi
  14 plants
29 creatures vanquished.

Grand Total: 660 creatures vanquished

Notes
Turn   | Place    | Note
-------+----------+-------------------------------------------
     0 | D:1      | Pepete the Formicid Fighter began the quest for the Orb.
     0 | D:1      | Reached XP level 1. HP: 18/18 MP: 1/1
   431 | D:1      | Reached XP level 2. HP: 24/24 MP: 2/2
   509 | D:1      | Found a faded altar of an unknown god.
   622 | D:1      | Reached XP level 3. HP: 29/29 MP: 3/3
  1398 | D:2      | Reached XP level 4. HP: 37/37 MP: 4/4
  2117 | D:2      | Reached skill level 1 in Stealth
  2130 | D:2      | Reached skill level 3 in Axes
  3026 | D:3      | Found a white marble altar of Elyvilon.
  3135 | D:3      | Found a glowing golden altar of the Shining One.
  3323 | D:3      | Reached XP level 5. HP: 41/42 MP: 5/5
  3333 | D:3      | Found a burning altar of Makhleb.
  3432 | D:3      | Found a faded altar of an unknown god.
  3436 | D:3      | Found a shimmering altar of Xom.
  3713 | D:3      | Identified the +5 mace "Decil" {venom, rN+}
  3736 | D:3      | Found a basalt altar of Yredelemnul.
  3948 | D:4      | Found a staircase to the Ecumenical Temple.
  4034 | D:4      | Reached skill level 1 in Dodging
  4170 | D:4      | Identified 2 scrolls of acquirement
  4170 | D:4      | Acquired the +13 crystal plate armour "Coenkere" {*Corrode
                  | rC+ MP+9 Slay+4}
  4198 | D:4      | Noticed an ogre
  4205 | D:4      | Killed an ogre
  4206 | D:4      | Reached skill level 4 in Axes
  4206 | D:4      | Reached XP level 6. HP: 21/48 MP: 6/6
  4573 | D:4      | Acquired the +9 executioner's axe "Qaroaceb" {flame, rPois
                  | Int+3 Dex+4}
  5175 | D:5      | Entered Level 5 of the Dungeon
  5194 | D:5      | Noticed a black bear
  5201 | D:5      | Killed a black bear
  5202 | D:5      | Reached skill level 5 in Axes
  5202 | D:5      | Reached skill level 5 in Shields
  5202 | D:5      | Reached XP level 7. HP: 55/55 MP: 7/7
  5245 | D:5      | Got the Compilation of Vitiation and Shifting
  5392 | D:5      | Found an ancient bone altar of Kikubaaqudgha.
  5393 | D:5      | Found a shimmering blue altar of Sif Muna.
  5396 | D:5      | Found a radiant altar of Vehumet.
  5401 | D:5      | Got Sif Muna's Precepts of the Voyage
  5767 | D:5      | Reached skill level 6 in Axes
  5767 | D:5      | Reached XP level 8. HP: 61/61 MP: 8/8
  6393 | D:6      | Found an opulent altar of Gozag.
  6420 | D:6      | Became a worshipper of Gozag Ym Sagoz the Greedy
  6435 | D:6      | Found a bloodstained altar of Trog.
  6435 | D:6      | Found a shadowy altar of Dithmenos.
  6435 | D:6      | Found an ornate altar of the Wu Jian Council.
  6436 | D:6      | Found a sacrificial altar of Ru.
  6569 | D:6      | Reached skill level 7 in Axes
  6569 | D:6      | Reached skill level 5 in Armour
  6578 | D:6      | Reached skill level 5 in Fighting
  6678 | D:6      | Found Soariuk's Distillery.
  6686 | D:6      | Bought a potion of curing for 42 gold pieces
  6686 | D:6      | Bought a potion of heal wounds for 70 gold pieces
  6686 | D:6      | Bought a potion of heal wounds for 70 gold pieces
  6759 | D:6      | Reached skill level 8 in Axes
  6759 | D:6      | Reached XP level 9. HP: 68/68 MP: 9/9
  7196 | D:6      | Noticed Maggie
  7201 | D:6      | Killed Maggie
  7202 | D:6      | Reached skill level 9 in Axes
  7876 | D:7      | Reached skill level 10 in Axes
  8345 | D:7      | Reached XP level 10. HP: 76/76 MP: 10/10
  8971 | D:8      | Found Zini's CLEARANCE SALE!.
  9059 | D:8      | Reached skill level 11 in Axes
  9166 | D:8      | Found a staircase to the Lair.
  9313 | D:8      | Noticed an unseen horror
  9319 | D:8      | Killed an unseen horror
  9723 | D:8      | Noticed a two-headed ogre
  9728 | D:8      | Killed a two-headed ogre
 10168 | D:8      | Reached skill level 12 in Axes
 10172 | D:8      | Reached XP level 11. HP: 48/84 MP: 11/11
 10614 | D:9      | Reached skill level 13 in Axes
 11704 | D:10     | Entered Level 10 of the Dungeon
 11720 | D:10     | Noticed Psyche
 11725 | D:10     | Killed Psyche
 11979 | D:10     | You fall into a shaft and drop 1 floor!
 11987 | D:11     | Noticed a cyclops
 12258 | D:10     | Found Zin's Purification Station.
 12262 | D:10     | Found a glowing silver altar of Zin.
 12265 | D:10     | Bought a potion of curing for 90 gold pieces
 12876 | D:11     | Killed a cyclops
 12877 | D:11     | Reached skill level 14 in Axes
 13027 | D:11     | Noticed a two-headed ogre
 13029 | D:11     | Reached XP level 12. HP: 73/94 MP: 12/12
 13320 | D:10     | Killed a two-headed ogre
 13569 | D:11     | Noticed a two-headed ogre
 13572 | D:11     | Killed a two-headed ogre
 14262 | D:11     | Found a staircase to the Orcish Mines.
 14609 | D:11     | Found a runed translucent door.
 14723 | D:12     | Found Vodwi's Jewellery Boutique.
 14730 | D:12     | Found Tompoz's Book Shop.
 14786 | D:12     | Reached skill level 15 in Axes
 14794 | D:12     | Noticed Maurice
 14802 | D:12     | Killed Maurice
 14819 | D:12     | Found a gate leading to a gauntlet.
 14986 | D:12     | Noticed a two-headed ogre
 14988 | D:12     | Killed a two-headed ogre
 15011 | D:12     | Found Loanaq's Antique Weapon Emporium.
 15011 | D:12     | Noticed Fannar
 15017 | D:12     | Killed Fannar
 15192 | D:12     | Found Vontesk's Antique Armour Boutique.
 15864 | D:12     | Reached XP level 13. HP: 63/103 MP: 13/13
 16313 | D:13     | Found Xest's Weapon Emporium.
 16323 | D:13     | Reached skill level 10 in Fighting
 16323 | D:13     | Reached skill level 16 in Axes
 17159 | D:13     | Noticed a centaur warrior
 17168 | D:13     | Killed a centaur warrior
 17241 | D:13     | Reached skill level 10 in Armour
 17278 | D:13     | Noticed a centaur warrior
 17278 | D:13     | Noticed a boulder beetle
 17280 | D:13     | Killed a boulder beetle
 17281 | D:13     | Noticed a boulder beetle
 17302 | D:13     | Killed a centaur warrior
 17306 | D:13     | Killed a boulder beetle
 17769 | D:13     | Noticed a centaur warrior
 17769 | D:13     | Noticed a boulder beetle
 17770 | D:13     | Noticed a centaur warrior
 17773 | D:13     | Noticed a centaur warrior
 17774 | D:13     | Noticed a centaur warrior
 17776 | D:13     | Noticed a boulder beetle
 17781 | D:13     | Killed a centaur warrior
 17783 | D:13     | Killed a centaur warrior
 17786 | D:13     | Reached skill level 17 in Axes
 17788 | D:13     | Killed a boulder beetle
 17795 | D:13     | Killed a boulder beetle
 17803 | D:13     | Killed a centaur warrior
 17806 | D:13     | Killed a centaur warrior
 17807 | D:13     | Reached XP level 14. HP: 70/111 MP: 14/14
 18184 | D:13     | Reached skill level 10 in Shields
 20623 | D:14     | Reached skill level 18 in Axes
 20995 | D:14     | Noticed Kirke
 21001 | D:14     | Killed Kirke
 21013 | D:14     | Noticed Roxanne
 21403 | D:14     | Noticed Jorgrun
 21411 | D:14     | Killed Jorgrun
 21441 | D:14     | Found a sacrificial altar of Ru.
 21747 | D:14     | Found a gate to the Vaults.
 21960 | D:14     | Gained mutation: Your natural rate of healing is unusually
                  | fast. [potion of mutation]
 22153 | D:15     | Entered Level 15 of the Dungeon
 22237 | D:15     | Found a flickering gateway to a bazaar.
 22244 | Bazaar   | Entered a bazaar
 22248 | Bazaar   | Found Iremyot's Distillery.
 22274 | Bazaar   | Found Pakutz's Antique Weapon Emporium.
 22295 | Bazaar   | Found Vip Liek's Magic Scroll Boutique.
 22315 | Bazaar   | Found Ufiyngox's Magic Scroll Shoppe.
 22342 | Bazaar   | Bought 2 potions of curing for 84 gold pieces
 22342 | Bazaar   | Bought a potion of heal wounds for 70 gold pieces
 22342 | Bazaar   | Bought a potion of resistance for 140 gold pieces
 22384 | Bazaar   | Bought 2 scrolls of enchant armour for 210 gold pieces
 22384 | Bazaar   | Bought a scroll of brand weapon for 133 gold pieces
 22384 | Bazaar   | Bought a scroll of magic mapping for 105 gold pieces
 22405 | Bazaar   | Bought a scroll of enchant weapon for 90 gold pieces
 22405 | Bazaar   | Bought a scroll of enchant weapon for 90 gold pieces
 22542 | D:15     | Reached XP level 15. HP: 82/103 MP: 15/15
 23006 | D:15     | Reached skill level 19 in Axes
 23010 | D:15     | Found a staircase to the Depths.
 24201 | Lair:1   | Entered Level 1 of the Lair of Beasts
 24201 | Lair:1   | Noticed Gastronok
 24208 | Lair:1   | Killed Gastronok
 24938 | Lair:2   | Found a hole to the Spider Nest.
 25068 | Lair:2   | Identified the ring "Zefeck" {Contam +Blink rF+++ rC+
                  | Dex+2}
 25329 | Lair:2   | Found a staircase to the Swamp.
 26396 | Lair:4   | Reached skill level 20 in Axes
 26542 | Lair:4   | Reached XP level 16. HP: 119/129 MP: 16/16
 26676 | Lair:4   | Noticed Josephine
 26683 | Lair:4   | Killed Josephine
 27154 | Lair:5   | Entered Level 5 of the Lair of Beasts
 28528 | Lair:5   | Reached skill level 21 in Axes
 29328 | Lair:5   | Identified the amulet "Mehucoz Enko" {Reflect Harm Fly
                  | Str-4 SH+5}
 29714 | Lair:5   | Found a staircase to the Slime Pits.
 29715 | Lair:5   | Killed from afar by an oklob plant

Illustrated notes

Levels and vault maps discovered:
D:1:      lightli_arrival_windingriver, layout_loops_ring,
          basic_ecumenical_altar, dreamdust_mushroom_princess
D:2:      layout_basic, minmay_misc_feat_secret_circle,
          kennysheep_generic_room_9
D:3:      layout_basic, kennysheep_ying_yang, marbit_many_paths,
          nicolae_overflow_ecumenical_swirl, mainiacjoe_overflow_24_doors,
          skrybe_limestone_x
D:4:      layout_gridville, minmay_temple_entry_arrows, minmay_close_crescents
D:5:      layout_basic, grunt_temple_overflow_magic_moments
D:6:      minmay_spotlight, layout_basic, minitemple, serial_shops, shop,
          uniq_maggie
D:7:      layout_basic
D:8:      layout_layer_cave, lair_entry_dummy, abandoned_shop,
          nicolae_shop_clearance
D:9:      layout_irregular_city, grunt_potential
D:10:     layout_basic, zin_purify, grunt_decor_junction, uniq_psyche
D:11:     gammafunk_indiana_jones, layout_basic,
          kennysheep_orc_monster_closet_entryway, kennysheep_potato
D:12:     layout_basic, gauntlet_entry_generic, serial_shops, shop, shop,
          nicolae_shop_advertising_works [nicolae_subvault_shop_adworks],
          nicolae_shop_crystal, uniq_maurice, uniq_fannar
D:13:     minmay_the_grid_plus_closed [minmay_the_grid_armoury,
          minmay_the_grid_box_x, minmay_the_grid_rooms,
          minmay_the_grid_tiny_cups, minmay_the_grid_prize_inner_circle],
          layout_irregular_city, serial_column_ruins, column_ruins_grid_4,
          column_ruins_columns_corner, column_ruins_open_small, serial_shops,
          nicolae_diamond_shop
D:14:     layout_basic, erik_vaults_1, nicolae_ru_awakened_eye, uniq_kirke,
          uniq_jorgrun, uniq_roxanne
D:15:     grunt_enter_depths_hoard, layout_layer_cave, serial_shops,
          bzr_entry_gold, dk_noncrumbling_2
Lair:1:   layout_gridlike, nicolae_quartered_pool_little, uniq_gastronok
Lair:2:   layout_regular_city, swamp_mist, spider_nest_entry_web_field,
          st_stairs_11, lemuel_fruit_tree, serial_bayou_shore_b,
          infiniplex_staircase_pool_2
Lair:3:   layout_gridlike, st_stairs_6
Lair:4:   layout_gridlike, special_room [special_room_bee], uniq_josephine
Lair:5:   grunt_lair_end_beastmaster, layout_regular_city,
          minmay_slime_entry_oklob_open, nicolae_lair_lakeside_cave,
          infiniplex_staircase_pool

Skill      XL: |  1  2  3  4  5  6  7  8  9 10 11 12 13 14 15 16 |
---------------+-------------------------------------------------+-----
Stealth        | 1 2 3 |  3.5
Axes           | 3 4 5 6 8 10 12 14 15 17 18 20 21 | 21.1
Armour         | 4 5 6 7 8 9 10 12 13 | 13.2
Dodging        | 1 |  1.5
Fighting       | 4 5 6 7 8 9 10 11 12 13 | 13.8
Shields        | 5 6 7 8 9 10 11 12 | 12.1
Evocations     | |  0.3

Action                   |  1- 3 |  4- 6 |  7- 9 | 10-12 | 13-15 | 16-18 || total
-------------------------+-------+-------+-------+-------+-------+-------++-------
Melee: War axe           |    82 |   110 |       |       |       |       ||   192
       Executioner's axe |       |    31 |   105 |   287 |   427 |   203 ||  1053
Invok: Potion Petition   |       |       |       |       |     5 |       ||     5
 Abil: Dig               |       |     2 |       |       |     8 |     5 ||    15
Evoke: Wand              |       |       |       |       |       |     1 ||     1
  Use: Scroll            |       |     7 |     1 |     7 |     4 |       ||    19
       Potion            |       |     6 |       |     1 |    11 |       ||    18
 Stab: Distracted        |       |       |     1 |     1 |     3 |     4 ||     9
Armor: Scale mail        |    40 |    63 |       |       |       |       ||   103
       Crystal plate arm |       |    24 |   101 |   246 |   317 |   144 ||   832
       Skin              |       |       |       |       |    15 |       ||    15
Dodge: Dodged            |    38 |    53 |    26 |   117 |   119 |    50 ||   403
Block: Buckler           |    23 |    38 |    37 |   133 |   177 |    64 ||   472
